 Dungeon Crawl Stone Soup version 0.29-a0-23-ga79f92ac9c (webtiles) character file.

Game seed: 7393773683200087122

135 bande the Covered (level 5, -4/33 HPs)
             Began as a Gargoyle Fighter on Jan 31, 2022.
             Slain by Edmund (7 damage)
             ... on level 4 of the Dungeon.
             The game lasted 00:06:52 (3767 turns).

bande the Covered (Gargoyle Fighter)                Turns: 3767, Time: 00:06:52

Health: -4/33      AC: 14    Str: 20    XL:     5   Next: 18%
Magic:  5/5        EV:  7    Int:  8    God:
Gold:   95         SH:  4    Dex: 11    Spells: 4/4 levels left

rFire   . . .      SeeInvis .   a - +0 war axe
rCold   . . .      Faith    .   c - +0 buckler
rNeg    + . .      Spirit   .   g - +0 chain mail
rPois   ∞          Reflect  .   (no helmet)
rElec   +          Harm     .   (no cloak)
rCorr   .          Rampage  .   (no gloves)
Will    .....                   f - +0 pair of boots
Stlth   ..........              (no amulet)
HPRegen 0.11/turn               (no ring)
MPRegen 0.09/turn               (no ring)

@: flying
A: sickness immunity, AC +4, negative energy resistance 1, electricity
resistance, torment resistance 1, petrification resistance, big wings, subdued
magic 1
a: no special abilities


You were on level 4 of the Dungeon.
You visited 1 branch of the dungeon, and saw 4 of its levels.

You collected 95 gold pieces.

Inventory:

Hand Weapons
 a - a +0 war axe (weapon)
 e - a +0 morningstar
Armour
 c - a +0 buckler (worn)
 f - a +0 pair of boots (worn)
 g - a +0 chain mail (worn)
Potions
 b - a potion of flight {unknown}
 d - a potion of might
 h - a potion of heal wounds
 j - 2 potions of curing


   Skills:
 + Level 3.9 Fighting
 + Level 3.2 Axes
 + Level 4.1 Armour
 - Level 0.3 Dodging
 + Level 3.9 Shields


You had 4 spell levels left.
You didn't know any spells.
Your spell library was empty.

Dungeon Overview and Level Annotations

Branches:
Dungeon (4/15)
 Temple: D:4-7

Altars:
Cheibriados

Shops:
D:1 :

Annotations:
D:4 Edmund


Innate Abilities, Weirdness & Mutations

You are immune to sickness and miasma.
Your stone body is resilient. (AC +4)
You are immune to poison.
You resist negative energy. (rN+)
You are resistant to electric shocks. (rElec)
You are resistant to unholy torment.
You are immune to petrification.
Your large and strong wings let you fly.
Your spells are a little easier to cast, but a little less powerful.


Message History

There is an open door here.
You reach down and open the door.
There is an open door here.
Done exploring.
Done exploring.
There is an open door here.
There is a stone staircase leading down here.
You fly downwards.
Found 14 gold pieces.
Found a stone staircase leading down.
There is a stone staircase leading up here.
You now have 95 gold pieces (gained 14).
Found a stone staircase leading up.
There is a stone staircase leading up here.
Edmund the Younger comes into view.
He is wielding a +2 dire flail of draining.
Edmund shouts!
You see here a potion of heal wounds.
You see here a potion of heal wounds.
Edmund barely misses you.
You slash Edmund!
Edmund is lightly wounded.
Edmund hits you with a +2 dire flail of draining!
You slash Edmund!
Edmund is moderately wounded.
Edmund hits you with a +2 dire flail of draining.
Edmund hits you with a +2 dire flail of draining!
You hit Edmund.
Edmund is moderately wounded.
Edmund barely misses you.
You closely miss Edmund.
Edmund is moderately wounded.
Edmund hits you with a +2 dire flail of draining!
* * * LOW HITPOINT WARNING * * *
You closely miss Edmund.
Edmund is moderately wounded.
Edmund hits you with a +2 dire flail of draining.
* * * LOW HITPOINT WARNING * * *
You hit Edmund but do no damage.
Edmund is moderately wounded.
Edmund hits you with a +2 dire flail of draining!
You die...

#... #..# #..# #.@# #..#
######..#
........####################
#.....!.@@................
#.##.#####################
#. .. ###


You could see Edmund.

Vanquished Creatures
  Terence (D:3)
  5 adders (D:2)
  3 worms (D:3)
  4 orcs (D:3)
  6 endoplasms
  3 giant cockroaches
  4 goblins
  8 hobgoblins
  3 quokkas
  3 ball pythons
  A bat (D:2)
  3 frilled lizards (D:1)
  5 kobolds
  4 rats
53 creatures vanquished.

Vanquished Creatures (others)
  2 fungi (D:2)
  6 plants (D:2)
8 creatures vanquished.

Grand Total: 61 creatures vanquished

Notes
Turn   | Place    | Note
-------+----------+-------------------------------------------
     0 | D:1      | bande the Gargoyle Fighter began the quest for the Orb.
     0 | D:1      | Reached XP level 1. HP: 14/14 MP: 1/1
   270 | D:1      | Reached XP level 2. HP: 19/19 MP: 2/2
   735 | D:1      | Found Barod's Book Boutique.
  1121 | D:2      | Reached XP level 3. HP: 22/23 MP: 3/3
  1126 | D:2      | Gained mutation: Your spells are a little easier to cast,
                  | but a little less powerful. [potion of mutation]
  1126 | D:2      | Gained mutation: Your large and strong wings let you fly.
                  | [potion of mutation]
  1130 | D:2      | Found a snail-covered altar of Cheibriados.
  1538 | D:2      | Reached XP level 4. HP: 21/29 MP: 4/4
  1639 | D:2      | Found a faded altar of an unknown god.
  2562 | D:3      | Noticed Terence
  2577 | D:3      | Killed Terence
  2578 | D:3      | Reached skill level 4 in Armour
  2578 | D:3      | Reached XP level 5. HP: 19/33 MP: 5/5
  3752 | D:4      | Noticed Edmund
  3767 | D:4      | Slain by Edmund

Illustrated notes

Levels and vault maps discovered:
D:1:      ncdulo_wetmaze, layout_basic, serial_shops, nicolae_diamond_shop,
          minmay_crystal_room
D:2:      layout_loops_ring, basic_altar,
          shapermc_ecumenical_altar_mp_urbaneastern
D:3:      layout_loops_corners, uniq_terence
D:4:      layout_loops_ring, kennysheep_orc_chapel, uniq_edmund, uniq_sigmund,
          uniq_natasha

Skill      XL: |  1  2  3  4 |
---------------+-------------+-----
Axes           | 2 3 |  3.2
Armour         | 4 |  4.1
Fighting       | |  3.9
Dodging        | |  0.3
Shields        | |  3.9

Action                   |  1- 3 |  4- 6 || total
-------------------------+-------+-------++-------
Melee: War axe           |    89 |    93 ||   182
  Use: Scroll            |     2 |     6 ||     8
       Potion            |     1 |       ||     1
Armor: Scale mail        |    50 |    23 ||    73
       Chain mail        |       |    20 ||    20
Dodge: Dodged            |    43 |    36 ||    79
Block: Buckler           |    24 |    15 ||    39

Table legend: (Time is in decaauts)
 A = Elapsed time spent in this place.
 B = Non-inter-level travel time spent in this place.
 C = Inter-level travel time spent in this place.
 D = Time resting spent in this place.
 E = Time spent auto-exploring this place.
 F = Levels seen in this place.
 G = Mean time per level.
                   A        B        C        D        E       F      G
               +--------+--------+--------+--------+--------+-----+--------+
         Total |   3852 |   3841 |     11 |    456 |   2808 |   4 |  963.0 |
       Dungeon |   3852 |   3841 |     11 |    456 |   2808 |   4 |  963.0 |
               +--------+--------+--------+--------+--------+-----+--------+

Top non-repeatable levels by time:
     D:3: 1438 daAuts
     D:2: 1185 daAuts
     D:1: 1132 daAuts
     D:4: 96 daAuts
